 Dungeon Crawl Stone Soup version 0.21.1-1-g345015fe64 (webtiles) character file.

596011 Loge the Conqueror (level 26, -10/212 HPs)
             Began as a Minotaur Berserker on July 13, 2018.
             Was an Elder of Trog.
             Killed from afar by an ancient lich (51 damage)
             ... with a lance of force
             ... on level 5 of the Realm of Zot on July 14, 2018.
             The game lasted 04:38:10 (67428 turns).

Loge the Conqueror (Minotaur Berserker)            Turns: 67428, Time: 04:38:11

Health: -10/212    AC: 41    Str: 31 (32) XL:     26   Next: 35%
Magic:  24/24      EV: 17    Int:  7      God:    Trog [****..]
Gold:   5753       SH: 30    Dex: 12      Spells: 25/25 levels left

rFire    + + .     SeeInvis .   k - +9 broad axe of Trog's Vengeance {freeze, rF+ rN+}
rCold    + . .     Gourm    .   f - +0 large shield
rNeg     + . .     Faith    .   L - +5 gold dragon scales
rPois    +         Spirit   .   W - +2 hat
rElec    .         Reflect  +   t - +1 cloak {+Inv}
rCorr    .         Harm     .   F - +0 pair of gloves
MR       ++...     Clarity  +   D - +2 pair of boots
Stlth    ..........             x - +4 amulet of reflection
HPRegen  0.00/turn              w - ring of protection from magic
MPRegen  0.19/turn              u - +5 ring of intelligence

@: no status effects
A: retaliatory headbutt, horns 2, blurry vision 1, clarity, deterioration 1,
dopey 1, frail 2, low mp 2, inhibited regeneration
}: 3/15 runes: barnacled, silver, gossamer
a: Berserk, Trog's Hand, Brothers in Arms, Burn Spellbooks, Renounce Religion,
Evoke Invisibility


You were on level 5 of the Realm of Zot.
You worshipped Trog.
Trog was greatly pleased with you.
You were hungry.

You visited 9 branches of the dungeon, and saw 48 of its levels.
You also visited: Ice Cave and Volcano.

You collected 7786 gold pieces.
You spent 2033 gold pieces at shops.

Inventory:

Hand Weapons
 k - the +9 broad axe of Trog's Vengeance (weapon) {freeze, rF+ rN+}
   (Trog gifted it to you on level 1 of the Shoals)

   It has been specially enchanted to freeze those struck by it, causing extra
   injury to most foes and up to half again as much damage against particularly
   susceptible opponents.
   It can also slow down cold-blooded creatures.
   It protects you from fire.
   It protects you from negative energy.
 A - a +2 antimagic broad axe
 U - the +10 broad axe of Trog's Hope {chop, MR- Str+5 Dex+4}
   (Trog gifted it to you on level 2 of the Lair of Beasts)

   It inflicts extra damage upon your enemies.
   It affects your strength (+5).
   It affects your dexterity (+4).
   It affects your resistance to hostile enchantments.
Missiles
 a - 75 tomahawks (quivered)
Armour
 f - a +0 large shield (worn)
 t - a +1 cloak of invisibility (worn)
 D - a +2 pair of boots (worn)
 F - a +0 pair of gloves (worn)
 I - a scarf of resistance
 L - +5 gold dragon scales (worn)
 T - +0 fire dragon scales
 W - a +2 hat (worn)
Jewellery
 u - a +5 ring of intelligence (right hand)
 v - an uncursed ring of protection from cold
 w - a ring of protection from magic (left hand)
 x - a +4 amulet of reflection (around neck)
 H - an uncursed ring of fire
 S - an uncursed ring of see invisible
 V - an uncursed ring of positive energy
Wands
 g - a wand of flame (146)
 q - a wand of digging (29)
 E - a wand of enslavement (26)
 M - a wand of paralysis (93)
 P - a wand of iceblast (16)
 Q - a wand of disintegration (45)
 R - a wand of polymorph (16)
 X - a wand of acid (42)
Scrolls
 d - 17 scrolls of identify
 e - 9 scrolls of fog
 h - a scroll of blinking
 j - 12 scrolls of fear
 m - 28 scrolls of teleportation
 n - 10 scrolls of enchant weapon
 o - 25 scrolls of remove curse
 y - a scroll of silence
 C - 8 scrolls of magic mapping
 N - a scroll of holy word
 Y - 2 scrolls of brand weapon
Potions
 b - 7 potions of agility
 l - 9 potions of haste
 p - 4 potions of flight
 r - 5 potions of heal wounds
 s - 3 potions of brilliance
 z - 5 potions of might
 B - 22 potions of curing
 G - 2 potions of cancellation
 J - 7 potions of ambrosia
 K - 3 potions of invisibility
 O - 3 potions of resistance
Miscellaneous
 Z - a fan of gales
Comestibles
 c - 74 rations
 i - 5 chunks of flesh


   Skills:
 O Level 27 Fighting
 - Level 18.0 Axes
 + Level 24.3 Armour
 + Level 21.3 Dodging
 + Level 23.3 Shields
 * Level 12.3 Evocations


You had 25 spell levels left.
You didn't know any spells.

Dungeon Overview and Level Annotations

Branches:
Dungeon (15/15)            Temple (0/1) D:4            Lair (6/6) D:9
 Shoals (4/4) Lair:2       Spider (4/4) Lair:3        Slime (0/5) Lair:5
    Orc (2/2) D:11            Elf (2/3) Orc:2        Vaults (5/5) D:13
  Crypt (0/3) Vaults:3     Depths (5/5) D:15            Zot (5/5) Depths:5

Altars:
Ashenzari
Cheibriados
Elyvilon
Fedhas
Hepliaklqana
Kikubaaqudgha
Nemelex Xobeh
Qazlal
Trog
Wu Jian
Xom
Zin
The Shining One
Beogh
Lugonu

Shops:
D:8 %   D:11 :   D:15 (   Orc:1 !   Orc:2 (=!*?==   Vaults:1 [   Vaults:4 *
Depths:2 ((   Depths:5 }=}

Portals:
Hell: Depths:1 Depths:2 Depths:3 Depths:4 Depths:5
Abyss: Depths:3 Depths:4
Pandemonium: Depths:1 Depths:3 Depths:4
Ziggurat: Depths:2

Annotations:
Shoals:1 exclusion: Roxanne, Roxanne
Elf:2 5 runed doors, exclusion: 5 doors
Depths:1 exclusion: 2 downstairs
Depths:2 exclusion: downstairs
Depths:3 exclusion: 3 downstairs
Depths:4 exclusion: 3 downstairs
Depths:5 exclusion: downstairs


Innate Abilities, Weirdness & Mutations

You reflexively headbutt those who attack you in melee.
You have a pair of horns on your head.
Scrolls take you a little longer to read.
You possess an exceptional clarity of mind.
Your body sometimes deteriorates upon taking damage.
You are dopey. (Int -2)
You are very frail. (-20% HP)
Your magical capacity is very low. (-20% MP)
You do not regenerate when monsters are visible.


Message History

Really read with blurry vision while enemies are nearby? [Y]es or [N]o only, please.
Really read with blurry vision while enemies are nearby?
Okay, then.
Unknown command.
You feel better. The green death gestures at you.
The blast of poison engulfs something.
You hear a distant "Zot"!
A huge blade swings out and slices into the hellion!
The hellion is heavily wounded.
Something barely misses you. The hellion gestures at you.
The sphere of damnation explodes!
The damnation engulfs you!
* * * LOW HITPOINT WARNING * * *
You hear a roar!
You hear some strange, mumbled words.
A lance of force appears from out of thin air!
The lance of force hits you!
You die...

###....#*#.#....####<## #..####..
###..##*#.#...#.#.## ##..# #.. *
#...####.#..##.## ##..## *#.. #**
##...####.....#####...#**#... ..*
##....###...## #....##*..... ##▓
########.########▓▓▓ *##### ,**
#...............# **,,,,, ,,**
*#.............#* **,,,,,, ,,,**
#........@....# **,,,,,,, ,,,,*
##...........## *,,,,,,,, ,,,,*
#......^....# *,,...... ,,,,*
##...........## *,,...... ,,,,*
#............2# *,,...... ,,,,*
##........^...§## *,,...^..
,,,,*##......)......2.##*,,......
,,,**#..^###########..^###§..^...
,,*#....## ##§..§##......


You could see a green death and a hellion.

Vanquished Creatures
  2 ancient liches (Vaults:5)
  2 orbs of fire (Zot:5)
  A juggernaut (Depths:3)
  Bai Suzhen (Shoals:2)
  3 curse toes
  A Killer Klown (Zot:2)
  12 golden dragons
  An electric golem (Zot:1)
  12 tentacled monstrosities
  8 liches
  7 Orb Guardians
  4 quicksilver dragons
  3 titans
  3 sphinxes
  11 death cobs
  Kirke (Spider:1)
  3 shadow dragons
  12 draconian monks
  Gastronok (D:11)
  6 tengu reavers
  9 storm dragons
  Donald (Spider:1)
  Ilsuiw (Shoals:4)
  7 draconian knights
  A deep elf sorcerer (Vaults:2)
  9 frost giants
  12 fire giants
  8 ghost moths
  2 iron dragons
  5 emperor scorpions
  6 draconian scorchers
  2 angels (Depths:2)
  15 vault wardens
  A deep elf elementalist (Vaults:5)
  10 draconian stormcallers
  3 juggernaut zombies
  A caustic shrike zombie (Depths:2)
  10 ironheart preservers
  14 stone giants
  5 war gargoyles
  10 draconian shifters
  19 very ugly things
  A reaper (Depths:2)
  6 draconian annihilators
  2 spriggan defenders (Depths:4)
  2 vampire knights
  13 entropy weavers
  17 green draconians
  12 purple draconians
  12 red draconians
  Azrael (Spider:1)
  17 yellow draconians
  15 white draconians
  A deep elf demonologist (Elf:1)
  5 merfolk javelineers
  2 deep elf annihilators (Depths:3)
  23 black draconians
  7 spark wasps
  5 deep elf death magi
  Snorg (Lair:4)
  11 ettins
  4 rakshasas
  10 merfolk impalers
  A deep elf high priest (Elf:1)
  8 fire dragons
  7 yaktaur captains
  A fire dragon (shapeshifter) (Depths:5)
  A quicksilver dragon skeleton (Depths:2)
  Erolcha (D:9)
  4 great orbs of eyes
  31 vault guards
  A hell beast (Depths:4)
  3 hydras
  A spriggan air mage (Depths:3)
  7 ice dragons
  4 merfolk avatars (Shoals:4)
  Harold (D:10)
  4 alligator snapping turtles (Shoals:4)
  A catoblepas (Shoals:1)
  9 centaur warriors
  7 merfolk aquamancers
  4 death knights
  49 two-headed ogres
  6 dancing weapons
  7 tengu warriors
  10 deep troll earth magi
  5 deep troll shamans
  A queen ant (shapeshifter) (Vaults:5)
  14 ogre magi
  An orc high priest (Elf:1)
  A queen ant (Lair:4)
  3 spriggan berserkers
  A shock serpent (shapeshifter) (Depths:2)
  Urug (D:10)
  7 deep elf knights
  2 shadow wraiths (Vaults:1)
  38 slime creatures
  A death drake (shapeshifter) (Vaults:5)
  32 deep trolls
  5 hell knights
  15 skeletal warriors
  5 unseen horrors
  13 sea snakes
  2 glowing orange brains (shapeshifter) (Vaults:5)
  4 flayed ghosts
  3 glowing orange brains
  A deep troll (shapeshifter) (Depths:3)
  20 ironbrand convokers
  6 deep elf archers
  A tengu zombie (Depths:2)
  7 wizards
  17 harpies
  A phantasmal warrior (Vaults:4)
  13 necromancers
  20 orb spiders
  13 orc knights
  2 golden dragon skeletons (Depths:2)
  2 sphinx zombies (Depths:2)
  26 wolf spiders
  2 frost giant zombies (Depths:2)
  An orb spider (shapeshifter) (Vaults:3)
  6 orc sorcerers
  A stone giant zombie (Depths:2)
  34 deep elf magi
  8 cyclopes
  7 fauns
  43 ugly things
  A stone giant skeleton (Vaults:3)
  9 elephants
  20 moths of wrath
  7 manticores
  5 frost giant skeletons
  Joseph (D:10)
  15 merfolk sirens
  7 human skeletons
  A guardian serpent (shapeshifter) (Vaults:1)
  5 toenail golems (Volcano)
  10 apocalypse crabs (Zot:3)
  4 black mambas
  4 gargoyles
  3 naga magi (D:15)
  5 water nymphs
  3 centaur zombies
  5 spectral swamp worms (Depths:1)
  2 fire giant skeletons
  A torpor snail (shapeshifter) (Depths:1)
  A rust devil (Depths:4)
  16 vault sentinels
  A storm dragon simulacrum (Depths:2)
  10 spiny frogs
  4 rime drakes
  6 komodo dragons
  3 kobold demonologists
  3 freezing wraiths
  16 demonic crawlers
  41 yaktaurs
  2 ice devils (IceCv)
  A troll (shapeshifter) (Depths:3)
  22 merfolk
  39 jumping spiders
  2 tengu simulacra (Depths:2)
  A red devil (Depths:4)
  4 polar bears
  A wolf spider simulacrum (D:15)
  A yaktaur skeleton (Vaults:3)
  A polar bear (shapeshifter) (Vaults:3)
  3 tengu conjurers
  16 trolls
  Prince Ribbit (D:5)
  3 meliai (shapeshifter)
  12 hornets
  6 wind drakes
  A hornet (shapeshifter) (Depths:5)
  12 blink frogs
  2 wind drakes (shapeshifter)
  8 snapping turtles
  A dream sheep (shapeshifter) (Depths:3)
  An iron dragon simulacrum (Depths:2)
  A fire giant simulacrum (Depths:2)
  2 spriggan zombies
  A stone giant simulacrum (Vaults:2)
  13 hippogriffs
  7 dream sheep
  A meliai zombie (D:15)
  A frost giant simulacrum (Depths:2)
  A redback (shapeshifter) (Vaults:2)
  A spriggan skeleton (Depths:2)
  19 water elementals
  An air elemental (Elf:2)
  60 redbacks
  30 tarantellas
  A shadow (D:14)
  45 yaks
  3 fire bats (Lair:6)
  3 wraiths
  5 wyverns
  An orc simulacrum (Vaults:1)
  A fire bat (shapeshifter) (Depths:3)
  A hungry ghost (D:11)
  5 basilisks
  2 vampire mosquitoes (D:13)
  5 fire elementals
  8 hogs
  A steam dragon (Lair:4)
  9 wargs
  2 acid dragons
  11 soldier ants (Lair:4)
  2 hell hounds (Spider:1)
  A floating eye (Depths:3)
  A soldier ant (shapeshifter) (D:14)
  5 porcupines
  20 water moccasins
  26 orc warriors
  2 black bears
  An eye of draining (shapeshifter) (D:14)
  2 hornet zombies (D:15)
  3 sky beasts
  3 ice beasts
  5 eyes of draining
  A necrophage (D:12)
  48 ogres
  A wolf (shapeshifter) (Vaults:4)
  19 centaurs
  12 boggarts
  5 phantoms
  20 wolves
  15 crocodiles
  2 elf simulacra
  An elf skeleton (Vaults:3)
  2 big kobolds
  19 bullfrogs
  3 earth elementals (Elf:2)
  3 water moccasin skeletons
  A wyvern skeleton (D:14)
  2 scorpions
  13 killer bees
  30 wights
  5 howler monkeys
  4 electric eels
  A howler monkey (shapeshifter) (Depths:3)
  10 crimson imps
  A bullfrog zombie (D:13)
  3 quasits
  11 jellies
  3 bullfrog skeletons
  6 centaur skeletons
  3 hounds
  17 orc priests
  33 orc wizards
  7 iguanas
  A gnoll shaman (D:8)
  37 worker ants
  3 hell rats (Lair:1)
  2 hound zombies
  A howler monkey zombie (D:6)
  2 worker ant zombies
  15 gnolls
  A howler monkey skeleton (D:11)
  10 adders
  10 river rats
  3 shadow imps
  2 oozes
  An adder zombie (D:5)
  3 worms
  2 dart slugs (D:1)
  3 leopard geckos
  89 orcs
  4 ball pythons
  5 giant cockroaches
  4 goblins
  3 hobgoblins (D:1)
  12 jackals
  3 quokkas
  A ball python (shapeshifter) (Depths:3)
  6 bats
  5 frilled lizards
  12 kobolds
  A leopard gecko zombie (D:5)
  2 quokka skeletons
  13 rats
  2 crawling corpses (Vaults:5)
  8 fungi
  11 plants
  A withered plant (Shoals:1)
2205 creatures vanquished.

Vanquished Creatures (collateral kills)
  An electric golem (Zot:4)
  A sphinx (Vaults:3)
  A frost giant (Depths:4)
  A draconian shifter (Zot:4)
  A very ugly thing (Depths:3)
  A vampire knight (Depths:3)
  2 entropy weavers (Vaults:3)
  A red draconian (Zot:4)
  A deep elf death mage (Depths:2)
  A vault guard (Vaults:3)
  2 hydras
  A merfolk avatar (Lair:6)
  A titan skeleton (Depths:2)
  A soul eater (Depths:2)
  A glowing orange brain (Depths:3)
  2 ironbrand convokers (Vaults:3)
  A stone giant zombie (Depths:2)
  An ugly thing (D:11)
  A cyclops (Vaults:1)
  A yaktaur (Vaults:1)
  A polar bear (Lair:6)
  3 killer bees (D:11)
  An orc (Vaults:3)
28 creatures vanquished.

Vanquished Creatures (others)
  A draconian annihilator (Zot:1)
  2 stone giants (Vaults:5)
  5 merfolk javelineers (Shoals:4)
  3 yaktaur captains
  An ice dragon (Depths:3)
  A centaur warrior (Depths:1)
  3 satyrs
  2 necromancers (Depths:2)
  A manticore (Shoals:4)
  A moth of wrath (Zot:2)
  A wolf spider (Spider:2)
  3 yaktaurs
  A jumping spider (Spider:1)
  2 blink frogs (Lair:5)
  2 centaurs
  12 fungi
  20 plants
61 creatures vanquished.

Grand Total: 2294 creatures vanquished

Notes
Turn   | Place    | Note
-------+----------+-------------------------------------------
     0 | D:1      | Loge the Minotaur Berserker began the quest for the Orb.
     0 | D:1      | Reached XP level 1. HP: 19/19 MP: 0/0
   350 | D:1      | Reached XP level 2. HP: 25/27 MP: 1/1
   620 | D:1      | Reached ** piety under Trog
   922 | D:2      | Found a faded altar of an unknown god.
  1044 | D:2      | Found a snail-covered altar of Cheibriados.
  1054 | D:2      | Found a shattered altar of Ashenzari.
  1057 | D:2      | Found a white marble altar of Elyvilon.
  1060 | D:2      | Found a blossoming altar of Fedhas.
  1115 | D:2      | Reached skill level 4 in Fighting
  1115 | D:2      | Reached XP level 3. HP: 31/33 MP: 2/2
  1639 | D:3      | Reached skill level 1 in Shields
  1811 | D:3      | Found a bloodstained altar of Trog.
  1811 | D:3      | Noticed an eye of draining
  1815 | D:3      | Reached XP level 4. HP: 32/40 MP: 0/3
  1823 | D:3      | Killed an eye of draining
  1823 | D:3      | Reached skill level 5 in Axes
  1823 | D:3      | Reached XP level 5. HP: 39/47 MP: 0/4
  2092 | D:4      | Noticed an ogre
  2096 | D:4      | Reached XP level 6. HP: 40/55 MP: 1/5
  2098 | D:4      | Reached skill level 5 in Fighting
  2431 | D:4      | Found a staircase to the Ecumenical Temple.
  2704 | D:4      | Reached *** piety under Trog
  2706 | D:4      | Reached XP level 7. HP: 8/61 MP: 2/6
  3198 | D:5      | Entered Level 5 of the Dungeon
  3390 | D:5      | Reached skill level 5 in Armour
  3646 | D:5      | Reached skill level 6 in Fighting
  3649 | D:5      | Reached XP level 8. HP: 70/70 MP: 2/7
  3669 | D:5      | Noticed Prince Ribbit
  3697 | D:5      | Killed Prince Ribbit
  3697 | D:5      | Reached skill level 5 in Shields
  3801 | D:5      | Noticed a two-headed ogre
  4000 | D:6      | Reached **** piety under Trog
  4052 | D:6      | Found a glowing silver altar of Zin.
  4103 | D:6      | Reached skill level 7 in Fighting
  4491 | D:7      | Reached XP level 9. HP: 79/79 MP: 2/8
  4812 | D:7      | Reached skill level 10 in Axes
  4820 | D:7      | Found a shimmering altar of Xom.
  4830 | D:7      | Found a sparkling altar of Nemelex Xobeh.
  4956 | D:7      | Found a glowing golden altar of the Shining One.
  5040 | D:7      | Reached ***** piety under Trog
  5084 | D:7      | Found a shattered altar of Ashenzari.
  5188 | D:8      | Reached skill level 8 in Fighting
  5242 | D:8      | Received a gift from Trog
  5281 | D:8      | Reached XP level 10. HP: 87/90 MP: 3/9
  5368 | D:8      | Noticed a two-headed ogre
  5376 | D:8      | Killed a two-headed ogre
  5620 | D:8      | Found Hiblauhe's Food Shoppe.
  5805 | D:9      | Reached skill level 9 in Fighting
  5827 | D:9      | Found a staircase to the Lair.
  5910 | D:9      | Found a stormy altar of Qazlal.
  6136 | D:9      | Noticed Erolcha
  6148 | D:9      | Killed Erolcha
  6208 | D:9      | Found a hazy altar of Hepliaklqana.
  6223 | D:9      | Noticed a two-headed ogre
  6225 | D:9      | Killed a two-headed ogre
  6419 | D:10     | Entered Level 10 of the Dungeon
  6425 | D:10     | Noticed Joseph
  6440 | D:10     | Killed Joseph
  6440 | D:10     | Reached XP level 11. HP: 88/99 MP: 10/10
  6490 | D:10     | Noticed Harold
  6503 | D:10     | Killed Harold
  6503 | D:10     | Reached skill level 10 in Fighting
  6735 | D:10     | Killed an unseen horror
  6766 | D:10     | Noticed Urug
  6785 | D:10     | Killed Urug
  6785 | D:10     | Reached skill level 10 in Armour
  7185 | D:11     | Found Hicysh's Book Boutique.
  7201 | D:11     | Noticed a four-headed hydra
  7213 | D:11     | Killed a seven-headed hydra
  7221 | D:11     | Noticed a brown ugly thing
  7224 | D:11     | Killed a brown ugly thing
  7302 | D:11     | Reached skill level 10 in Shields
  7390 | D:11     | Found a staircase to the Orcish Mines.
  7597 | D:11     | Noticed Gastronok
  7608 | D:11     | Killed Gastronok
  7608 | D:11     | Reached skill level 11 in Fighting
  7690 | D:11     | Reached XP level 12. HP: 104/110 MP: 11/11
  8434 | D:12     | Reached ****** piety under Trog
  9046 | Lair:1   | Entered Level 1 of the Lair of Beasts
  9851 | Lair:2   | Reached skill level 5 in Dodging
  9877 | Lair:2   | Found a staircase to the Shoals.
  9882 | Lair:2   | Received a gift from Trog
  9905 | Lair:2   | Got a polished broad axe {god gift}
  9906 | Lair:2   | Identified the +10 broad axe of Trog's Hope {chop, MR- Str+5 Dex+4} (Trog gifted it to you on level 2 of the Lair of Beasts)
 10053 | Lair:2   | Noticed a five-headed hydra
 10059 | Lair:2   | Killed a nine-headed hydra
 10059 | Lair:2   | Reached skill level 15 in Axes
 10210 | Lair:2   | Reached skill level 12 in Fighting
 10895 | Lair:3   | Noticed a four-headed hydra
 10901 | Lair:3   | Killed a seven-headed hydra
 10901 | Lair:3   | Reached XP level 13. HP: 105/118 MP: 12/12
 10936 | Lair:3   | Found a hole to the Spider Nest.
 11740 | Lair:4   | Noticed Snorg
 11753 | Lair:4   | Killed Snorg
 11824 | Lair:4   | Noticed an entropy weaver
 11859 | Lair:4   | Killed an entropy weaver
 11898 | Lair:4   | Noticed an entropy weaver
 11905 | Lair:4   | Killed an entropy weaver
 12553 | Lair:4   | Received a gift from Trog
 13324 | Lair:5   | Found a staircase to the Slime Pits.
 13326 | Lair:5   | Reached skill level 13 in Fighting
 13727 | Lair:6   | Entered Level 6 of the Lair of Beasts
 13754 | Lair:6   | Reached XP level 14. HP: 118/129 MP: 13/13
 14109 | Lair:6   | Found a dark tunnel.
 14118 | Volcano  | Entered a volcano
 14129 | Volcano  | Received a gift from Trog
 15356 | Orc:1    | Entered Level 1 of the Orcish Mines
 15405 | Orc:1    | Received a gift from Trog
 15445 | Orc:1    | Reached skill level 14 in Fighting
 15609 | Orc:1    | Found Teil's Distillery.
 15645 | Orc:1    | Bought a potion of haste for 140 gold pieces
 15645 | Orc:1    | Bought 2 potions of heal wounds for 140 gold pieces
 15645 | Orc:1    | Bought a potion of heal wounds for 70 gold pieces
 15832 | Orc:2    | Entered Level 2 of the Orcish Mines
 15832 | Orc:2    | Found a staircase to the Elven Halls.
 15963 | Orc:2    | Reached skill level 10 in Dodging
 15995 | Orc:2    | Reached XP level 15. HP: 112/139 MP: 14/14
 16054 | Orc:2    | Found Muxum's Assorted Antiques.
 16077 | Orc:2    | Found Utupeos's Distillery.
 16078 | Orc:2    | Found Omawked's Magic Scroll Shoppe.
 16098 | Orc:2    | Received a gift from Trog
 16109 | Orc:2    | Found Codazil's Jewellery Shop.
 16289 | Orc:2    | Found Apagacs's Jewellery Boutique.
 16333 | Orc:2    | Found a roughly hewn altar of Beogh.
 16606 | Orc:2    | Found Fintu's Jewellery Boutique.
 16608 | Orc:2    | Found Olienn's Weapon Shoppe.
 17242 | D:13     | Noticed Sonja
 17755 | D:13     | Noticed Sonja
 17755 | D:13     | Sonja changed into Sonja the hog
 17758 | D:13     | Killed Sonja the hog
 18026 | D:13     | Found a gate to the Vaults.
 18183 | D:14     | Received a gift from Trog
 18266 | D:14     | Reached skill level 15 in Fighting
 18880 | D:15     | Entered Level 15 of the Dungeon
 18887 | D:15     | Reached skill level 15 in Armour
 19112 | D:15     | Found a corrupted altar of Lugonu.
 19280 | D:15     | Found Dise Sas's Weapon Shop.
 19425 | D:15     | Found a staircase to the Depths.
 19851 | Spider:1 | Entered Level 1 of the Spider Nest
 19863 | Spider:1 | Found a frozen archway.
 19870 | IceCv    | Entered an ice cave
 19916 | Spider:1 | Reached XP level 16. HP: 120/149 MP: 15/15
 19945 | Spider:1 | Reached skill level 15 in Shields
 20147 | Spider:1 | Received a gift from Trog
 20317 | Spider:1 | Noticed Kirke
 20330 | Spider:1 | Killed Kirke
 20756 | Spider:1 | Noticed Donald
 20768 | Spider:1 | Killed Donald
 21207 | Spider:1 | Reached skill level 16 in Fighting
 21266 | Spider:1 | Noticed Azrael
 22070 | Spider:1 | Received a gift from Trog
 22092 | Spider:1 | Killed Azrael
 23455 | Spider:3 | Received a gift from Trog
 23926 | Spider:4 | Entered Level 4 of the Spider Nest
 23938 | Spider:4 | Reached XP level 17. HP: 160/160 MP: 16/16
 23983 | Spider:4 | Reached skill level 17 in Fighting
 24919 | Spider:4 | Received a gift from Trog
 25144 | Spider:4 | Got a gossamer rune of Zot
 25570 | Vaults:1 | Entered Level 1 of the Vaults
 25592 | Vaults:1 | Found Muolezey's Armour Emporium.
 25779 | Vaults:1 | Reached skill level 18 in Fighting
 25780 | Vaults:1 | Paralysed by a wizard for 4 turns
 26100 | Vaults:1 | Received a gift from Trog
 26655 | Vaults:1 | Reached XP level 18. HP: 173/173 MP: 17/17
 27092 | Vaults:2 | Received a gift from Trog
 27301 | Vaults:2 | Reached skill level 19 in Fighting
 27568 | Vaults:2 | Received a gift from Trog
 28077 | Vaults:2 | Reached skill level 15 in Dodging
 28538 | Vaults:3 | Received a gift from Trog
 28705 | Vaults:3 | Reached skill level 20 in Fighting
 28922 | Vaults:3 | Reached XP level 19. HP: 172/185 MP: 18/18
 29108 | Vaults:3 | Found a staircase to the Crypt.
 29406 | Vaults:3 | Received a gift from Trog
 30560 | Vaults:4 | Found a magical portal.
 30608 | Vaults:4 | Found Wyxkow's General Store.
 30928 | Vaults:4 | Reached skill level 21 in Fighting
 30932 | Vaults:4 | Received a gift from Trog
 31822 | Shoals:1 | Entered Level 1 of the Shoals
 32056 | Shoals:1 | Noticed Roxanne
 32281 | Shoals:1 | Received a gift from Trog
 32282 | Shoals:1 | Got a twisted broad axe {god gift}
 32285 | Shoals:1 | Identified the +9 broad axe of Trog's Vengeance {freeze, rF+ rN+} (Trog gifted it to you on level 1 of the Shoals)
 32847 | Shoals:2 | Reached XP level 20. HP: 117/198 MP: 19/19
 33500 | Shoals:3 | Noticed Bai Suzhen
 33651 | Shoals:2 | Killed Bai Suzhen
 34127 | Shoals:4 | Entered Level 4 of the Shoals
 34319 | Shoals:4 | Noticed Ilsuiw
 34329 | Shoals:3 | Received a gift from Trog
 34553 | Shoals:4 | Killed Ilsuiw
 34657 | Shoals:4 | Reached skill level 22 in Fighting
 35499 | Shoals:4 | Got a barnacled rune of Zot
 35812 | Shoals:4 | Received a gift from Trog
 36668 | Elf:1    | Entered Level 1 of the Elven Halls
 37306 | Vaults:4 | Bought a +3 plate armour of magic resistance for 765 gold pieces
 37909 | Elf:1    | Identified the Handbook of Companions
 38348 | Elf:2    | Received a gift from Trog
 38781 | Elf:2    | Found a huge runed gate.
 38781 | Elf:2    | Found a huge runed gate.
 38781 | Elf:2    | Found a huge runed gate.
 38783 | Elf:2    | Found a huge runed gate.
 38784 | Elf:2    | Found a huge runed gate.
 39006 | Depths:1 | Entered Level 1 of the Depths
 39054 | D:15     | Reached XP level 21. HP: 182/210 MP: 20/20
 39363 | Depths:1 | Reached skill level 23 in Fighting
 39861 | Depths:1 | Received a gift from Trog
 39943 | Depths:1 | Found a one-way gate leading to the halls of Pandemonium.
 39983 | Depths:1 | Found a gateway to Hell.
 40774 | Depths:2 | Found a gateway to a ziggurat.
 41073 | Depths:2 | Found Kycafol's Weapon Boutique.
 41211 | Depths:2 | Found Sasigub's Antique Weapon Shoppe.
 41643 | Depths:2 | Found an ancient bone altar of Kikubaaqudgha.
 41779 | Depths:2 | Received a gift from Trog
 42366 | Depths:3 | Noticed a juggernaut
 42382 | Depths:3 | Killed a juggernaut
 42643 | Depths:3 | Found a one-way gate to the infinite horrors of the Abyss.
 43050 | Depths:3 | Reached skill level 24 in Fighting
 43115 | Depths:3 | Found a blossoming altar of Fedhas.
 43116 | Depths:3 | Found an ornate altar of the Wu Jian Council.
 43116 | Depths:3 | Found a hazy altar of Hepliaklqana.
 43332 | Depths:3 | Paralysed by a floating eye for 3 turns
 43341 | Depths:3 | Paralysed by a floating eye for 4 turns
 43412 | Depths:3 | Reached XP level 22. HP: 202/221 MP: 21/21
 43917 | Depths:3 | Received a gift from Trog
 45300 | Depths:4 | Received a gift from Trog
 45817 | Depths:4 | Reached skill level 25 in Fighting
 46910 | Depths:5 | Entered Level 5 of the Depths
 47058 | Depths:5 | Noticed a golden dragon
 47059 | Depths:5 | Noticed a golden dragon
 47085 | Depths:4 | Killed a golden dragon
 47098 | Depths:4 | Killed a golden dragon
 47098 | Depths:4 | Received a gift from Trog
 47787 | Depths:4 | Reached XP level 23. HP: 206/232 MP: 22/22
 47991 | Depths:5 | Found a gate to the Realm of Zot.
 48723 | Depths:5 | Found Ceaclip's Gadget Shop.
 48723 | Depths:5 | Found Hetzueps's Jewellery Shoppe.
 48724 | Depths:5 | Found Ypateh's Gadget Shop.
 49460 | Vaults:5 | Entered Level 5 of the Vaults
 49553 | Vaults:4 | Received a gift from Trog
 50041 | Vaults:5 | Got a smoking platinum ring
 50042 | Vaults:5 | Identified the cursed ring of Xeenuiw {*Corrode rC+ Str+4 Int-3} (You found it on level 5 of the Vaults)
 50170 | Vaults:5 | Reached skill level 26 in Fighting
 50467 | Vaults:5 | Noticed an ancient lich
 50489 | Vaults:5 | Killed an ancient lich
 50489 | Vaults:5 | Received a gift from Trog
 50861 | Vaults:5 | Noticed an ancient lich
 50880 | Vaults:5 | Killed an ancient lich
 51376 | Vaults:5 | Got a silver rune of Zot
 51677 | Vaults:5 | Received a gift from Trog
 51859 | Vaults:5 | Reached XP level 24. HP: 228/245 MP: 22/22
 52711 | Zot:1    | Entered Level 1 of the Realm of Zot
 52840 | Depths:5 | Bought an uncursed ring of protection from cold for 300 gold pieces
 54777 | Zot:1    | Reached skill level 1 in Evocations
 55061 | Zot:1    | Received a gift from Trog
 55349 | Zot:1    | Reached skill level 27 in Fighting
 55845 | Zot:1    | Reached skill level 5 in Evocations
 57539 | Zot:2    | Reached XP level 25. HP: 221/257 MP: 27/27
 59814 | Zot:3    | Received a gift from Trog
 61469 | Zot:3    | Reached skill level 10 in Evocations
 61488 | Zot:3    | Gained mutation: Your magical capacity is low. (-10% MP) [mutagenic glow]
 61529 | Zot:3    | Gained mutation: You are dopey. (Int -2) [mutagenic glow]
 61548 | Zot:3    | Paralysed by you for 7 turns
 61556 | Zot:3    | Gained mutation: You possess an exceptional clarity of mind. [mutagenic glow]
 62887 | Zot:4    | Received a gift from Trog
 63759 | Zot:5    | Entered Level 5 of the Realm of Zot
 63780 | Zot:5    | Reached XP level 26. HP: 251/266 MP: 27/27
 64069 | Zot:5    | Noticed an orb of fire
 64069 | Zot:5    | Gained mutation: Your magical capacity is very low. (-20% MP) [an orb of fire]
 64071 | Zot:5    | Gained mutation: Your body sometimes deteriorates upon taking damage. [an orb of fire]
 64072 | Zot:5    | Gained mutation: You do not regenerate when monsters are visible. [an orb of fire]
 64080 | Zot:5    | Gained mutation: Scrolls take you a little longer to read. [the power of Zot]
 64080 | Zot:5    | Gained mutation: You are frail. (-10% HP) [the power of Zot]
 64083 | Zot:5    | Killed an orb of fire
 64264 | Zot:5    | Lost intelligence.
 64326 | Zot:4    | Lost intelligence.
 66244 | Orc:2    | Bought a +5 ring of intelligence for 618 gold pieces
 67390 | Zot:5    | Noticed an ancient lich
 67401 | Zot:5    | Noticed an orb of fire
 67410 | Zot:5    | Gained mutation: You are very frail. (-20% HP) [an orb of fire]
 67413 | Zot:5    | Killed an orb of fire
 67428 | Zot:5    | Killed from afar by an ancient lich

Skill      XL: |  1  2  3  4  5  6  7  8  9 10 11 12 13 14 15 16 17 18 19 20 21 22 23 24 25 26 |
---------------+-------------------------------------------------------------------------------+-----
Axes           | 4 5 6 8 9 11 13 14 15 16 17 18 | 18.0
Fighting       | 4 5 6 7 8 9 11 12 13 14 15 16 18 20 21 22 24 25 26 27 | 27.0
Armour         | 3 4 5 6 8 9 10 12 13 14 15 16 17 18 19 20 21 22 23 24 | 24.3
Shields        | 1 2 3 4 5 7 9 10 11 12 13 14 15 16 17 18 19 20 21 22 23 | 23.3
Dodging        | 3 6 8 10 11 13 14 15 16 17 18 19 20 21 | 21.3
Evocations     | 7 11 12 | 12.3

Action                   |  1- 3 |  4- 6 |  7- 9 | 10-12 | 13-15 | 16-18 | 19-21 | 22-24 | 25-27 || total
-------------------------+-------+-------+-------+-------+-------+-------+-------+-------+-------++-------
Melee: Hand axe          |    69 |     7 |       |       |       |       |       |       |       ||    76
       Headbutt          |    10 |    14 |    49 |   114 |   235 |   320 |   431 |   391 |   232 ||  1796
       War axe           |       |    71 |   287 |   505 |       |       |       |       |       ||   863
       Broad axe         |       |       |       |    56 |   886 |  1068 |  1558 |  1356 |   738 ||  5662
       Unarmed           |       |       |       |       |       |       |       |       |     2 ||     2
Throw: Tomahawk          |       |       |       |       |       |       |     5 |     2 |     1 ||     8
Invok: Berserk           |       |     1 |     4 |     7 |     2 |     5 |       |       |       ||    19
       Brothers in Arms  |       |       |       |     1 |     1 |     3 |     4 |     4 |     2 ||    15
       Burn Spellbooks   |       |       |       |       |     1 |     1 |     3 |     8 |     1 ||    14
       Trog's Hand       |       |       |       |       |       |       |    16 |    18 |     6 ||    40
Evoke: Wand              |       |       |       |     1 |    10 |     1 |     4 |       |     1 ||    17
  Use: Scroll            |       |       |     2 |    14 |    12 |     9 |     7 |     9 |     3 ||    56
       Potion            |       |       |       |       |     1 |     2 |     6 |     3 |     7 ||    19
 Stab: Paralysed         |       |       |       |     1 |       |       |       |       |       ||     1
       Distracted        |       |       |       |       |       |       |     1 |     1 |       ||     2
       Petrifying        |       |       |       |       |       |       |       |       |     3 ||     3
       Petrified         |       |       |       |       |       |       |       |       |     2 ||     2
  Eat: Chunk             |     3 |     2 |    13 |    28 |    30 |    37 |    36 |    22 |     7 ||   178
       Ration            |       |       |       |       |       |       |     6 |    10 |     8 ||    24
Armor: Ring mail         |    32 |    22 |    49 |       |       |       |       |       |       ||   103
       Animal skin       |     1 |       |       |       |       |       |       |       |       ||     1
       Chain mail        |       |       |    36 |       |       |       |       |       |       ||    36
       Plate armour      |       |       |    31 |   231 |   222 |   322 |   395 |   188 |       ||  1389
       Scale mail        |       |       |     2 |       |       |       |       |       |       ||     2
       Fire dragon scale |       |       |       |       |       |     4 |     1 |       |       ||     5
       Gold dragon scale |       |       |       |       |       |       |       |   174 |   261 ||   435
Dodge: Dodged            |    41 |    29 |    81 |   121 |   191 |   299 |   339 |   294 |   210 ||  1605
Block: Shield            |     6 |    44 |   159 |   270 |    97 |       |       |       |       ||   576
       Large shield      |       |       |       |       |   702 |  1082 |  1551 |  1159 |   722 ||  5216
       Reflection        |       |       |       |       |    30 |       |   137 |    46 |    11 ||   224
       Other             |       |       |       |       |       |       |       |       |     2 ||     2
